[Event "Team 45 45 League T89"]
[Site "Internet Chess Club"]
[Date "2021.07.25"]
[Round "3"]
[White "Conjurer"]
[Black "rkjulianjr"]
[Result "1-0"]
[WhiteElo "1189"]
[BlackElo "1323"]
[Opening "Queen's pawn, Mason variation, Steinitz counter-gambit"]
[ECO "D00"]
[Time "13:01:20"]
[TimeControl "2700+45"]

1. d4 d5 2. Bf4 c5 3. c3 Nc6 4. Nf3 Nf6 5. e3 Qb6 6. Qc2 g6 7. Be2 Bg7 8. h3 Bf5
9. Qb3 c4 10. Qxb6 axb6 11. Nbd2 O-O 12. O-O Nd7 13. g4 Be6 14. b3 b5 15. a4
bxa4 16. bxa4 Na5 17. Ng5 Nf6 18. Nxe6 fxe6 19. Rfb1 Nd7 20. g5 e5 21. Bg3 exd4
22. exd4 e5 23. Bg4 Rfd8 24. Be6+ Kf8 25. Bxd5 exd4 26. Bd6+ Ke8 27. Re1+ Ne5
28. Bxe5 Rxd5 29. Bxd4+ Kf8 30. Bxg7+ Kxg7 31. Re7+ Kf8 32. Rxh7 Rxd2 33. Rh8+
Ke7 34. Rxa8 Nb3 35. Re1+ Kd6 36. Rd8+ {Black resigns} 1-0

[Event "Team 45 45 League T89"]
[Site "Internet Chess Club"]
[Date "2021.07.27"]
[Round "3"]
[White "CMAlge"]
[Black "Toalla"]
[Result "1-0"]
[WhiteElo "1308"]
[BlackElo "1132"]
[Opening "Caro-Kann: Bronstein-Larsen variation"]
[ECO "B16"]
[Time "18:00:39"]
[TimeControl "2700+45"]

1. e4 c6 2. d4 d5 3. Nd2 dxe4 4. Nxe4 Nf6 5. Nxf6+ gxf6 6. Be3 Bf5 7. Ne2 Nd7 8.
Nf4 Bg6 9. h4 e6 10. f3 Bd6 11. h5 e5 12. hxg6 exf4 13. g7 Rg8 14. Rxh7 Rxg7 15.
Rxg7 fxe3 16. Bc4 Qa5+ 17. c3 O-O-O 18. Qc2 Nf8 19. Rxf7 Bg3+ 20. Ke2 Bf2 21.
Rxf6 Nd7 22. Rf5 Qc7 23. Qe4 Kb8 24. f4 Rh8 25. Rf7 a6 26. Qe7 Rd8 27. g4 Ka7
28. Be6 Qb6 29. Qb4 Qc7 30. a4 b6 31. g5 a5 32. Qb3 Bg3 33. g6 Kb8 34. Bxd7 Rxd7
35. Rxd7 Qxd7 36. Qg8+ Kc7 37. Qf7 {Black resigns} 1-0

[Event "Team 45 45 League T89"]
[Site "Internet Chess Club"]
[Date "2021.07.24"]
[Round "3"]
[White "oldbookseller"]
[Black "seldredg"]
[Result "0-1"]
[WhiteElo "913"]
[BlackElo "1323"]
[Opening "Dutch"]
[ECO "A80"]
[Time "12:30:40"]
[TimeControl "2700+45"]

1. d4 f5 2. Nf3 Nf6 3. h3 g6 4. e3 Bg7 5. Bc4 b6 6. O-O Ba6 7. b3 b5 8. Bd3 O-O
9. Bb2 b4 10. c4 bxc3 11. Nxc3 Bxd3 12. Qxd3 c6 13. Ng5 h6 14. Qc4+ e6 15. Nxe6
dxe6 16. Qxe6+ Rf7 17. d5 Nxd5 18. Rad1 Bxc3 19. Bxc3 Qe7 20. Qxg6+ Rg7 21. Bxg7
Qxg7 22. Qxf5 Nd7 23. e4 N5f6 24. Qe6+ Kh7 25. Qf5+ Kg8 26. Qe6+ Kh7 27. Qxc6
Rg8 28. f3 Qxg2# {White checkmated} 0-1

[Event "Team 45 45 League T89"]
[Site "Internet Chess Club"]
[Date "2021.07.24"]
[Round "3"]
[White "ascoli"]
[Black "Signofthetimes"]
[Result "1-0"]
[WhiteElo "1624"]
[BlackElo "1574"]
[Opening "Réti opening"]
[ECO "A11"]
[Time "10:01:30"]
[TimeControl "2700+45"]

1. Nf3 c6 2. c4 d5 3. e3 Nf6 4. Nc3 Bg4 5. Be2 e6 6. b3 Bb4 7. Bb2 Nbd7 8. h3
Bf5 9. Nh4 Bg6 10. Nxg6 hxg6 11. Qc2 Qe7 12. a3 Bd6 13. cxd5 cxd5 14. e4 O-O 15.
O-O Rfc8 16. exd5 Nxd5 17. Nxd5 Rxc2 18. Nxe7+ Bxe7 19. Bc3 Bf6 20. Bd3 Bxc3 21.
Bxc2 Bxa1 22. Rxa1 Rc8 23. Bd3 Rd8 24. Rc1 Ne5 25. Be4 b6 26. d3 Kf8 27. f4 Nd7
28. b4 Nf6 29. Rc7 Rd7 30. Rxd7 Nxd7 31. Kf2 Ke7 32. Ke3 Kf6 33. Kd4 g5 34. Bc6
Nf8 35. fxg5+ Kxg5 36. Ke5 Ng6+ 37. Kd6 e5 38. Kc7 Nf4 39. b5 Nxd3 40. Kb7 Kf4
41. Kxa7 e4 42. Kxb6 f5 43. Kc7 Ne5 44. b6 Nxc6 45. Kxc6 e3 46. b7 e2 47. b8=Q+
Ke3 48. Qg3+ Kd2 49. Qf2 Kd1 50. Qd4+ Ke1 51. Kd5 Kf1 52. Qf4+ Kg1 53. Qe3+ Kf1
54. Qf3+ Ke1 55. Qxf5 Kd1 56. Qd3+ Ke1 57. Ke4 Kf1 {Black resigns} 1-0

[Event "Team 45 45 League T89"]
[Site "Internet Chess Club"]
[Date "2021.07.25"]
[Round "3"]
[White "Kingofknights"]
[Black "Electryon"]
[Result "0-1"]
[WhiteElo "1521"]
[BlackElo "1458"]
[Opening "Dutch defense"]
[ECO "A92"]
[Time "18:00:13"]
[TimeControl "2700+45"]

1. d4 e6 2. c4 f5 3. g3 Nf6 4. Bg2 Be7 5. Nf3 O-O 6. Ne5 d6 7. Nd3 Ne4 8. O-O
Bf6 9. e3 e5 10. f3 Ng5 11. Nc3 exd4 12. Nd5 dxe3 13. Bxe3 Nc6 14. Nxf6+ Qxf6
15. Qd2 Ne6 16. Nf4 Nxf4 17. Bxf4 Be6 18. b3 Rae8 19. Rad1 Bf7 20. Be3 a5 21. f4
a4 22. Bf2 axb3 23. axb3 Bh5 24. Bd5+ Kh8 25. Rc1 Qh6 26. b4 Bg4 27. b5 Nd8 28.
c5 c6 29. bxc6 bxc6 30. Bg2 d5 31. Rb1 Be2 32. Rfe1 Bc4 33. Bd4 Ne6 34. Bf2 Rf7
35. Rb6 Rc7 36. Qe3 Qg6 37. Qe5 Rcc8 38. Qd6 Nd8 39. Qd7 Rxe1+ 40. Bxe1 Qe6 41.
Qxe6 Nxe6 42. Bf2 Kg8 43. Bf1 Bxf1 44. Kxf1 Kf7 45. Ke2 Kf6 46. Kd3 Nd8 47. Bd4+
Kf7 48. Be5 g6 49. Ra6 h6 50. Ra7+ Ke6 51. Bd6 Nf7 52. Re7+ Kf6 53. Re2 Nxd6 54.
cxd6 Rd8 55. Kd4 Rxd6 56. Rc2 g5 57. fxg5+ hxg5 58. h4 gxh4 59. gxh4 Ke6 60. h5
Kd7 61. Ke5 Rh6 62. Rh2 Ke7 63. Kxf5 Kf7 64. Kg5 Kg7 65. Re2 Rd6 66. Re7+ Kh8
67. Kf4 Rh6 68. Re5 Rf6+ 69. Kg5 Rd6 70. Kf4 d4 71. Re2 d3 72. Rd2 c5 73. Ke5
Rd8 74. Ke4 c4 75. Ke3 Kh7 76. Rd1 Kh6 77. Kd2 Kxh5 78. Rc1 Rd4 79. Ke3 Rg4 80.
Rf1 Kg5 81. Rf8 Kh4 82. Rd8 Kg3 83. Rf8 Kg2 84. Rf2+ Kg3 85. Rf3+ Kg2 86. Rf2+
Kg1 87. Rf7 Rg2 88. Rf8 Re2+ 89. Kd4 d2 90. Kxc4 d1=Q 91. Kb5 Qd5+ {White
resigns} 0-1

[Event "Team 45 45 League T89"]
[Site "Internet Chess Club"]
[Date "2021.07.25"]
[Round "3"]
[White "tryanything"]
[Black "scostanzo212"]
[Result "1-0"]
[WhiteElo "1478"]
[BlackElo "1537"]
[Opening "Sicilian: closed, 2...Nc6"]
[ECO "B23"]
[Time "19:02:20"]
[TimeControl "2700+45"]

1. e4 c5 2. Nc3 Nc6 3. Bb5 Nd4 4. Bc4 g6 5. Nge2 Nxe2 6. Qxe2 Bg7 7. O-O e6 8.
f4 Nh6 9. a4 O-O 10. g4 Qh4 11. Qg2 Qxg4 12. Qxg4 Nxg4 13. d3 a6 14. e5 b6 15.
Ne4 Bb7 16. Nd6 Bc6 17. h3 Nh6 18. Be3 Nf5 19. Nxf5 gxf5 20. d4 b5 21. axb5 axb5
22. Be2 cxd4 23. Bxd4 d6 24. b4 dxe5 25. fxe5 Bh6 26. Ra5 Rxa5 27. bxa5 Rd8 28.
Rd1 Ra8 29. Ra1 Bd2 30. a6 b4 31. a7 Bc3 32. Bxc3 bxc3 33. Kf2 f4 34. Bf3 Bxf3
35. Kxf3 Kg7 36. Kxf4 Kg6 37. Ra4 f6 38. exf6 Kxf6 39. Ra6 h6 40. h4 h5 41. Ke4
Kf7 42. Ke5 Ke7 43. Rxe6+ Kd7 44. Rh6 Kc7 45. Rxh5 Kb6 46. Rh7 Kc5 47. h5 Kb4
48. Rb7+ Kc4 49. h6 Re8+ 50. Kf6 Kd4 51. h7 Ke3 52. Re7+ Rxe7 53. Kxe7 Kd2 54.
h8=Q Kxc2 55. a8=Q Kb2 56. Qb7+ Kc2 57. Qc6 Kb1 58. Qhxc3 Ka2 59. Qa4+ Kb1 60.
Qab3# {Black checkmated} 1-0

[Event "Team 45 45 League T89"]
[Site "Internet Chess Club"]
[Date "2021.07.26"]
[Round "3"]
[White "tightfist"]
[Black "clarinetref"]
[Result "0-1"]
[WhiteElo "1395"]
[BlackElo "1472"]
[Opening "Nimzovich-Larsen attack"]
[ECO "A01"]
[Time "11:08:41"]
[TimeControl "2700+45"]

1. b3 d6 2. Bb2 e5 3. e4 Nf6 4. Nc3 g6 5. Be2 Bg7 6. Nf3 O-O 7. O-O a6 8. a4 Nc6
9. Rb1 Bg4 10. Ne1 Bxe2 11. Qxe2 Nd4 12. Qd3 Nh5 13. g3 Qd7 14. Kg2 Qg4 15. Kh1
f5 16. f3 Qh3 17. Kg1 Kh8 18. Ng2 c6 19. Ne2 c5 20. Nxd4 cxd4 21. c3 dxc3 22.
Bxc3 Rad8 23. Qd5 Rd7 24. Bb4 Rfd8 25. Rbc1 fxe4 26. Qxe4 Qe6 27. Qd3 d5 28. Rc2
e4 29. fxe4 dxe4 30. Qc4 Qb6+ 31. Bc5 Qc6 32. Be3 Qxc4 33. Rxc4 Bd4 34. Rxd4
Rxd4 35. Rf7 R4d7 36. Rf1 Ng7 37. g4 Rd3 38. Rb1 Ne6 39. Ne1 R3d5 40. Rc1 Nd4
41. Rb1 h5 42. gxh5 gxh5 43. Kh1 Rf5 44. Ng2 Nf3 45. Rf1 Rdf8 46. h3 Kh7 47. Rc1
R8f7 48. Rc4 Rd5 49. Rxe4 Nxd2 50. Bxd2 Rxd2 51. Re3 Rf1+ 52. Kh2 Rff2 53. Rg3
Rb2 54. h4 Rf4 55. Kh3 Rb4 56. Ne1 R4xb3 57. Nd3 Ra2 58. Nc5 Rxg3+ 59. Kxg3 Ra3+
60. Kf4 b6 61. Nxa6 Rxa4+ 62. Kg5 Rxa6 63. Kxh5 b5 64. Kg5 b4 {White resigns}
0-1

[Event "Team 45 45 League T89"]
[Site "Internet Chess Club"]
[Date "2021.07.24"]
[Round "3"]
[White "Timmah4651"]
[Black "Redman1"]
[Result "0-1"]
[WhiteElo "1583"]
[BlackElo "1573"]
[Opening "English: symmetrical, hedgehog system"]
[ECO "A05"]
[Time "06:59:29"]
[TimeControl "2700+45"]

1. Nf3 Nf6 2. c4 e6 3. g3 b6 4. Bg2 Bb7 5. O-O c5 6. Nc3 Be7 7. b3 O-O 8. Bb2 d5
9. d4 dxc4 10. bxc4 cxd4 11. Nb5 a6 12. Nbxd4 Nbd7 13. Rc1 Rc8 14. Bh3 Nc5 15.
Ba3 Nfe4 16. Qc2 Rc7 17. Rfd1 Qa8 18. Rb1 Nxf2 19. Kxf2 Ne4+ 20. Kf1 Bxa3 21.
Rxb6 Bc5 22. Rb2 Rfc8 23. Rdb1 Bxd4 24. Nxd4 Rxc4 25. Qb3 Rc1+ 26. Rxc1 Rxc1+
{White resigns} 0-1

[Event "Team 45 45 League T89"]
[Site "Internet Chess Club"]
[Date "2021.07.25"]
[Round "3"]
[White "ChessG2011"]
[Black "Grenadier"]
[Result "0-1"]
[WhiteElo "1337"]
[BlackElo "1536"]
[Opening "Caro-Kann: Steinitz variation"]
[ECO "B17"]
[Time "12:00:21"]
[TimeControl "2700+45"]

1. e4 c6 2. d4 d5 3. Nc3 dxe4 4. Nxe4 Nd7 5. Nf3 Ngf6 6. Nxf6+ Nxf6 7. Be2 Bg4
8. h3 Bh5 9. Be3 e6 10. c3 Be7 11. Qc2 Nd5 12. Ne5 Nxe3 13. fxe3 Bh4+ 14. Kd1
Bxe2+ 15. Qxe2 Bf6 16. Kc2 Bxe5 17. dxe5 Qg5 18. Rad1 O-O 19. Rd4 Qxe5 20. Rg4
Rad8 21. Rf4 Rd7 22. Rd1 Rfd8 23. Rxd7 Rxd7 24. Qf2 Qh5 25. Rd4 Rxd4 26. exd4
Qf5+ 27. Qxf5 exf5 28. Kd3 Kf8 29. Ke3 g5 30. c4 Ke7 31. d5 cxd5 32. cxd5 Kd6
33. Kd4 h5 34. b4 b5 35. a3 f6 36. g3 a6 37. h4 gxh4 38. gxh4 f4 39. Ke4 f3 40.
Kxf3 Kxd5 41. Kf4 Ke6 42. Ke4 f5+ 43. Kf3 Ke5 44. Ke3 f4+ 45. Kf3 Kf5 46. Kf2
Kg4 47. Kg2 Kxh4 48. Kf3 Kg5 49. Kf2 Kg4 50. Ke2 Kg3 51. Kd3 Kg2 52. Kd4 f3 53.
Kc5 f2 54. Kb6 f1=Q 55. Kxa6 Kf3 56. Ka5 Ke4 57. a4 bxa4 58. Kxa4 Kd4 59. Ka5 h4
60. b5 Kc5 61. Ka4 Qxb5+ 62. Ka3 Kc4 63. Ka2 Kc3 64. Ka1 Qb2# {White checkmated}
0-1

[Event "Team 45 45 League T89"]
[Site "Internet Chess Club"]
[Date "2021.07.25"]
[Round "3"]
[White "GoIrish"]
[Black "Constrictor"]
[Result "1-0"]
[WhiteElo "1531"]
[BlackElo "1509"]
[Opening "Queen's pawn"]
[ECO "A40"]
[Time "11:00:36"]
[TimeControl "2700+45"]

1. d4 c6 2. Nf3 d5 3. g3 Nf6 4. Bg2 Bf5 5. c4 e6 6. Nc3 Nbd7 7. Qb3 Qb6 8. c5
Qxb3 9. axb3 Be7 10. b4 O-O 11. Nh4 Bg6 12. Nxg6 hxg6 13. O-O a6 14. Bg5 Rfe8
15. f3 Kf8 16. e4 dxe4 17. fxe4 Ng8 18. Bxe7+ Nxe7 19. Rf2 Nf6 20. Bh3 Red8 21.
e5 Nfd5 22. Bxe6 Nxb4 23. Rxf7+ Ke8 24. Ne4 Rxd4 25. Nd6+ Rxd6 26. cxd6 {Black
resigns} 1-0

[Event "Team 45 45 League T89"]
[Site "Internet Chess Club"]
[Date "2021.07.24"]
[Round "3"]
[White "oldsj"]
[Black "seattleblues"]
[Result "0-1"]
[WhiteElo "1382"]
[BlackElo "1344"]
[Opening "Caro-Kann: advance variation"]
[ECO "B12"]
[Time "19:01:28"]
[TimeControl "2700+45"]

1. e4 c6 2. d4 d5 3. e5 Bf5 4. Nf3 e6 5. Nbd2 Ne7 6. Nb3 Nd7 7. Bd2 Nc8 8. Be2
c5 9. Bb5 cxd4 10. Nbxd4 Be4 11. O-O Bc5 12. c3 O-O 13. Bxd7 Qxd7 14. Ng5 Bg6
15. f4 Ne7 16. Be3 Rac8 17. Bf2 h6 18. Ngf3 Nf5 19. Rc1 Qd8 20. Nxf5 Bxf2+ 21.
Rxf2 Bxf5 22. Nd4 Be4 23. Nb5 Bh7 24. Nd6 Rc7 25. Rd2 f6 26. c4 fxe5 27. fxe5
Qg5 28. Qe2 Bg6 29. c5 Bh5 30. Qe1 Bf3 31. g3 h5 32. h4 Qg4 33. Rf2 Qd4 34. Nb5
Qg4 35. Rxf3 Qxf3 36. Nxc7 Qg4 37. Rc3 Qd4+ 38. Re3 Rf3 39. Nxe6 Qxe3+ 40. Qxe3
Rxe3 41. Nd8 Rxe5 42. Nxb7 d4 43. c6 d3 44. c7 Re8 45. Nd6 Re1+ 46. Kh2 Rc1 47.
c8=Q+ Rxc8 48. Nxc8 d2 49. Ne7+ Kf7 {White resigns} 0-1

[Event "Team 45 45 League T89"]
[Site "Internet Chess Club"]
[Date "2021.07.24"]
[Round "3"]
[White "DaveTheRook"]
[Black "MartyJR"]
[Result "0-1"]
[WhiteElo "1447"]
[BlackElo "1563"]
[Opening "QGD Slav defense: exchange variation"]
[ECO "D13"]
[Time "15:00:41"]
[TimeControl "2700+45"]

1. d4 d5 2. c4 c6 3. cxd5 cxd5 4. Nc3 Nf6 5. Nf3 Nc6 6. a3 e6 7. Bg5 Be7 8. e3
h6 9. Bxf6 Bxf6 10. Bd3 O-O 11. O-O Re8 12. Rc1 e5 13. dxe5 Nxe5 14. Nxe5 Bxe5
15. Re1 Be6 16. Qh5 Bf6 17. Bf5 Bxf5 18. Qxf5 d4 19. exd4 Rxe1+ 20. Rxe1 Qxd4
21. Rd1 Qe5 22. Qxe5 Bxe5 23. g3 Rc8 24. Rd3 Kf8 25. Kf1 g6 26. Ke2 Re8 27. Kd1
Rc8 28. Kd2 h5 29. Rd7 Rc7 30. Rxc7 Bxc7 31. Nd5 Bd6 32. Kd3 Ke8 33. a4 Kd7 34.
b3 Ke6 35. Ne3 Bb4 36. Ke4 Be1 37. f3 f5+ 38. Kd3 Bb4 39. h3 Bd6 40. g4 fxg4 41.
fxg4 hxg4 42. hxg4 Bc5 43. Ke4 Bxe3 44. Kxe3 Ke5 45. Kf3 a5 46. Ke3 g5 47. Kf3
Kd4 48. Kf2 Ke4 49. Kg3 Ke3 50. Kg2 Kf4 51. Kh3 b6 {White resigns} 0-1

[Event "Team 45 45 League T89"]
[Site "Internet Chess Club"]
[Date "2021.07.24"]
[Round "3"]
[White "goldeen7"]
[Black "piirimae"]
[Result "1-0"]
[WhiteElo "1414"]
[BlackElo "1318"]
[Opening "French: King's Indian attack"]
[ECO "C00"]
[Time "10:00:43"]
[TimeControl "2700+45"]

1. e4 e6 2. d3 d5 3. Nd2 c5 4. Ngf3 Nc6 5. g3 Nge7 6. Bg2 Ng6 7. O-O d4 8. h4
Bd6 9. h5 Nge7 10. h6 gxh6 11. Nc4 b5 12. Nxd6+ Qxd6 13. e5 Qc7 14. Bxh6 Bb7 15.
Ng5 Nxe5 16. Bxb7 Qxb7 17. Bg7 Rg8 18. Ne4 Kd8 19. Bxe5 Nd5 20. Qf3 f5 21. Nf6
Rg5 22. c4 f4 23. Bxf4 Rf5 24. cxd5 e5 25. Qg4 Qc8 26. Rac1 Rxf6 27. Qg8+ Ke7
28. Qg7+ Rf7 29. Bg5+ Ke8 30. Qxe5+ Kf8 31. Qh8# {Black checkmated} 1-0

[Event "Team 45 45 League T89"]
[Site "Internet Chess Club"]
[Date "2021.07.22"]
[Round "3"]
[White "smsxman"]
[Black "RoyalFizzbin"]
[Result "0-1"]
[WhiteElo "1330"]
[BlackElo "1291"]
[Opening "Caro-Kann defense"]
[ECO "B10"]
[Time "10:02:58"]
[TimeControl "2700+45"]

1. e4 c6 2. Nf3 d5 3. exd5 cxd5 4. d4 a6 5. Nc3 Bg4 6. Be2 Nc6 7. O-O Nf6 8. Re1
e6 9. a3 b5 10. Bg5 Be7 11. Be3 Qc7 12. g3 O-O 13. Bf1 Na5 14. Rc1 Nc4 15. Rb1
Nxa3 16. Ra1 Bb4 17. Bd2 Nc4 18. Bxc4 dxc4 19. Kg2 Qc6 20. Re3 Rfd8 21. Qe1
Bxf3+ 22. Rxf3 Rxd4 23. Qe3 Bc5 24. Qe2 Rad8 25. Be3 R4d6 26. Rd1 Bxe3 27. Rxd6
Qxd6 28. Rxe3 Qd2 29. Qxd2 Rxd2 30. Re2 Rxe2 31. Nxe2 Nd5 32. Kf3 f6 33. Ke4 Kf7
34. Kd4 Ke7 35. Kc5 Kd7 36. c3 h5 37. h4 g5 38. hxg5 fxg5 39. Nd4 h4 40. Nf3 h3
41. Nh2 Kc7 42. Kd4 Kd6 43. Nf3 e5+ 44. Ke4 Nxc3+ 45. bxc3 a5 46. Nh2 a4 47. f4
exf4 48. gxf4 gxf4 49. Nf3 a3 50. Ne1 h2 51. Kxf4 h1=Q 52. Nc2 Qc1+ 53. Ne3 a2
54. Ke4 a1=Q 55. Nf5+ Kc5 56. Nd4 Qa8+ 57. Ke5 Qe1+ 58. Kf4 Qee4+ 59. Kg5 Qg8+
60. Kf6 Qeg6+ {White forfeits on time} 0-1

[Event "Team 45 45 League T89"]
[Site "Internet Chess Club"]
[Date "2021.07.22"]
[Round "3"]
[White "Balderdash"]
[Black "burlap"]
[Result "1/2-1/2"]
[WhiteElo "1183"]
[BlackElo "1047"]
[Opening "French defense"]
[ECO "C00"]
[Time "09:00:27"]
[TimeControl "2700+45"]

1. e4 e6 2. Nf3 d5 3. exd5 exd5 4. d4 Bg4 5. Be2 Bd6 6. Bg5 f6 7. Bh4 Ne7 8. Qd3
Nbc6 9. h3 Bf5 10. Qe3 Qd7 11. Nc3 a6 12. Nxd5 O-O-O 13. Nxe7+ Nxe7 14. O-O Rde8
15. Nd2 Nd5 16. Qf3 g5 17. Bg3 Bxg3 18. fxg3 Bxc2 19. Rac1 Re3 20. Qf2 Bf5 21.
Qxf5 Qxf5 22. Rxf5 Rxe2 23. Rxd5 Rxd2 24. Rdc5 Rxb2 25. Rxc7+ Kb8 26. Rf7 Rc8
27. Rxc8+ Kxc8 28. Rxh7 Rxa2 29. Rf7 b5 30. Rxf6 b4 31. Rb6 Ra1+ 32. Kh2 Rb1 33.
Rxa6 b3 34. d5 b2 35. Rc6+ Kd7 36. Rb6 Kc7 37. Rb3 Kd6 38. g4 Kxd5 39. Kg3 Kc4
40. Rb8 Kc3 41. Rc8+ Kb3 42. Rc5 Ka2 43. Rxg5 Rc1 44. Ra5+ Kb3 45. Rb5+ Kc2 46.
Rc5+ Kd2 47. Rd5+ Ke2 48. Re5+ Kf1 49. Rf5+ Kg1 50. Rb5 b1=Q 51. Rxb1 Rxb1 52.
g5 Rb6 53. h4 Rg6 54. Kh3 Kf2 55. g3 Kf3 56. g4 Kf4 57. h5 Rxg5 58. h6 Rxg4 59.
h7 Rg3+ 60. Kh4 Rg1 61. Kh5 Rh1+ 62. Kg6 Ke5 63. Kg7 Rg1+ 64. Kh6 Rh1+ 65. Kg7
Rg1+ 66. Kh6 Rh1+ 67. Kg7 Rg1+ 68. Kh6 {Game drawn by repetition} 1/2-1/2

[Event "Team 45 45 League T89"]
[Site "Internet Chess Club"]
[Date "2021.07.22"]
[Round "3"]
[White "Constrictor"]
[Black "marioseixas1992"]
[Result "1/2-1/2"]
[WhiteElo "1523"]
[BlackElo "1335"]
[Opening "King's Indian: Zinnowitz variation"]
[ECO "E90"]
[Time "20:01:20"]
[TimeControl "2700+45"]

1. Nf3 Nf6 2. d4 g6 3. c4 Bg7 4. Nc3 O-O 5. e4 d6 6. Bg5 h6 7. Bh4 Nbd7 8. Be2
c6 9. O-O e5 10. Qc2 exd4 11. Nxd4 Nb6 12. Rad1 g5 13. Bg3 d5 14. cxd5 cxd5 15.
Ndb5 Be6 16. Be5 a6 17. Bc7 Qd7 18. Bxb6 axb5 19. Bxb5 Qd6 20. Bd4 Ng4 21. g3
Bxd4 22. Rxd4 Qc5 23. Qd1 dxe4 24. Rxe4 Ne5 25. Qe2 Nc6 26. Rd1 Bxa2 27. Bxc6
bxc6 28. Nxa2 Rxa2 29. Rc4 Rxb2 30. Rxc5 Rxe2 31. Rxc6 Kg7 32. Rdd6 f6 33. Rd7+
Rf7 34. Rcc7 Rxd7 35. Rxd7+ Kg6 36. Kg2 g4 37. Rd8 h5 38. Rh8 Re5 39. Rb8 {Game
drawn by mutual agreement} 1/2-1/2

[Event "Team 45 45 League T89"]
[Site "Internet Chess Club"]
[Date "2021.07.26"]
[Round "3"]
[White "Pawnchain"]
[Black "bardu"]
[Result "1/2-1/2"]
[WhiteElo "1246"]
[BlackElo "1321"]
[Opening "Queen's pawn: London system"]
[ECO "A45"]
[Time "14:00:24"]
[TimeControl "2700+45"]

1. d4 Nf6 2. Bf4 d5 3. e3 e6 4. c3 Bd6 5. Bg3 O-O 6. Nf3 c5 7. Nbd2 Nc6 8. Bd3
b6 9. a3 Bb7 10. Qe2 Qc7 11. dxc5 bxc5 12. Bxd6 Qxd6 13. O-O e5 14. e4 {Game
drawn by mutual agreement} 1/2-1/2

[Event "Team 45 45 League T89"]
[Site "Internet Chess Club"]
[Date "2021.07.25"]
[Round "3"]
[White "Ostap-Bender"]
[Black "Tjet"]
[Result "1-0"]
[WhiteElo "1247"]
[BlackElo "1275"]
[Opening "Sicilian"]
[ECO "B54"]
[Time "19:00:27"]
[TimeControl "2700+45"]

1. e4 c5 2. Nf3 d6 3. d4 cxd4 4. Nxd4 a6 5. Nc3 g6 6. Bc4 Bg7 7. O-O Nc6 8. Be3
Nf6 9. Nf3 O-O 10. h3 b5 11. Be2 b4 12. e5 bxc3 13. exf6 Bxf6 14. b3 Bb7 15. Nd4
Nxd4 16. Bxd4 Bxd4 17. Qxd4 Qc7 18. Rad1 a5 19. Rd3 Rfc8 20. Bg4 e6 21. Qxd6
Qxd6 22. Rxd6 Bd5 23. Rd1 a4 24. R6xd5 exd5 25. Bxc8 Rxc8 26. Rxd5 axb3 27. axb3
h5 28. Kf1 Kg7 29. Ke2 Rc6 30. Kd3 Kf6 31. Kd4 Ke6 32. Rc5 Rxc5 33. Kxc5 Kd7 34.
Kc4 f5 35. f4 h4 36. Kxc3 Kd6 37. Kd4 Ke6 38. b4 {Black resigns} 1-0

[Event "Team 45 45 League T89"]
[Site "Internet Chess Club"]
[Date "2021.07.24"]
[Round "3"]
[White "Visin"]
[Black "stantheman59"]
[Result "1-0"]
[WhiteElo "1299"]
[BlackElo "1196"]
[Opening "Giuoco Piano"]
[ECO "C50"]
[Time "10:00:48"]
[TimeControl "2700+45"]

1. e4 e5 2. Nf3 Nc6 3. Bc4 Bc5 4. a3 Nf6 5. d3 O-O 6. Bg5 d6 7. Nc3 h6 8. Bh4
Bg4 9. h3 Bd7 10. Nd5 Re8 11. Nxf6+ gxf6 12. Qd2 Be6 13. Qxh6 Bxc4 14. Bxf6 Qxf6
15. Qxf6 Re6 16. Qg5+ Kf8 17. dxc4 Rg6 18. Qd2 Re8 19. O-O-O Ke7 20. g4 Kd7 21.
g5 Kc8 22. h4 Nd4 23. Nxd4 exd4 24. f3 Re5 25. Rde1 a6 26. f4 Re8 27. f5 Rgg8
28. h5 f6 29. g6 Kb8 30. h6 Re7 31. h7 Rh8 32. Qg2 Rg7 33. b4 Bb6 34. Qg3 Ka7
35. Qh4 {Black resigns} 1-0